 Dungeon Crawl Stone Soup version 0.29.1-2-gbd0b4ee654 (webtiles) character file.

Game seed: 6084265233417596570

31 Anriel the Sneak (level 3, -1/19 HPs)
             Began as a Deep Elf Enchanter on Oct 28, 2022.
             Succumbed to an adder's poison
             ... on level 2 of the Dungeon.
             The game lasted 00:07:43 (1665 turns).

Anriel the Sneak (Deep Elf Enchanter)               Turns: 1665, Time: 00:07:44

Health: -1/19      AC:  2    Str:  5    XL:     3   Next: 7%
Magic:  6/9        EV: 13    Int: 19    God:
Gold:   53         SH:  0    Dex: 17    Spells: 0/8 levels left

rFire   . . .      SeeInvis .   n - +2 dagger (freeze)
rCold   . . .      Faith    .   (no shield)
rNeg    . . .      Spirit   .   b - +0 robe
rPois   .          Reflect  .   (no helmet)
rElec   .          Harm     .   (no cloak)
rCorr   .          Rampage  .   (no gloves)
Will    .....                   (no boots)
Stlth   +++.......              (no amulet)
HPRegen 0.06/turn               (no ring)
MPRegen 0.11/turn               (no ring)

@: lethally poisoned (-1 -> -8), confusing by touch
A: no striking features
a: no special abilities


You were on level 2 of the Dungeon.
You visited 1 branch of the dungeon, and saw 2 of its levels.

You collected 53 gold pieces.

Inventory:

Hand Weapons
 n - a +2 dagger of freezing (weapon)
Armour
 b - a +0 robe (worn)
Magical Staves
 j - a staff of death
Scrolls
 a - a scroll of summoning {unknown}
 d - a scroll of identify {unknown}
 i - a scroll of amnesia {unknown}
 l - a scroll of vulnerability {unknown}
 m - a scroll of immolation {unknown}
Potions
 c - a potion of invisibility
 e - a potion of magic {unknown}
 f - a potion of brilliance {unknown}
 g - 2 potions of haste {unknown}
 h - a potion of attraction {unknown}
 k - a potion of curing {unknown}


   Skills:
 * Level 1.0 Short Blades
 * Level 2.6 Dodging
 + Level 4.5 Stealth
 + Level 3.4 Spellcasting
 + Level 4.4 Hexes


You couldn't memorise any spells.
You knew the following spells:

 Your Spells              Type           Power      Damage    Failure   Level
a - Confusing Touch       Hex            20%        N/A       7%          3
b - Ensorcelled Hibernat  Hex/Ice        22%        N/A       9%          2
c - Tukima's Dance        Hex            20%        N/A       7%          3

Your spell library contained the following spells:

 Spells                   Type           Power      Damage    Failure   Level
 Dazzling Flash           Conj/Hex       22%        N/A       17%         3


Dungeon Overview and Level Annotations

Branches:
Dungeon (2/15)

Altars:


Message History

a - a scroll labelled DYUSIXE VEOD
Found 13 gold pieces.
You now have 53 gold pieces (gained 13).
An adder comes into view.
The adder hisses angrily.
You barely miss the adder. The adder closely misses you. The adder bites you.
You are poisoned.
The adder poisons you!
You hit the adder but do no damage.
You feel sick. The adder misses you.
You hit the adder. You freeze the adder.
The adder is heavily wounded.
You feel sick. The adder bites you.
You are more poisoned.
The adder poisons you!
You closely miss the adder.
The adder is heavily wounded.
You feel sick. The adder closely misses you.
You closely miss the adder.
The adder is heavily wounded.
You feel sick. The adder closely misses you.
Cast which spell? (? or * to list)
The spell is extremely dangerous to miscast (7% risk of failure)!
Continue anyway? [Y]es or [N]o only, please.
The spell is extremely dangerous to miscast (7% risk of failure)!
Continue anyway?
Your hands begin to glow red.
You feel sick. The adder barely misses you. The adder bites you.
* * * LOW HITPOINT WARNING * * *
You are more poisoned.
The adder poisons you!
You barely miss the adder.
The adder is heavily wounded.
* * * LOW HITPOINT WARNING * * *
You feel sick. The adder bites you but does no damage.
You miss the adder.
The adder is heavily wounded.
* * * LOW HITPOINT WARNING * * *
You feel sick. The adder barely misses you.
You closely miss the adder.
The adder is heavily wounded.
You die...

#..####.# #########
#..####.###.......#
#.......##>....##.#
##.#######.....##.###
#.# #...........
#.### #.....##.###
#.#.## #.>...##.#
#....# ##......<#
###@## ######### #S#
#.# #.# #.# #.# #..
###


You could see an adder.

Vanquished Creatures
  An adder (D:2)
  A dart slug (D:1)
  2 ball pythons (D:1)
  2 bats (D:1)
  2 endoplasms (D:1)
  3 goblins (D:1)
  A hobgoblin (D:1)
  3 kobolds (D:1)
  2 frilled lizards (D:1)
  3 rats (D:1)
20 creatures vanquished.

Notes
Turn   | Place    | Note
-------+----------+-------------------------------------------
     0 | D:1      | Anriel the Deep Elf Enchanter began the quest for the Orb.
     0 | D:1      | Reached XP level 1. HP: 10/10 MP: 6/6
   595 | D:1      | Reached XP level 2. HP: 15/15 MP: 8/8
  1572 | D:2      | Reached XP level 3. HP: 19/19 MP: 9/9
  1576 | D:2      | Learned a level 3 spell: Confusing Touch
  1579 | D:2      | Learned a level 2 spell: Ensorcelled Hibernation
  1583 | D:2      | Learned a level 3 spell: Tukima's Dance
  1665 | D:2      | Succumbed to an adder's poison

Illustrated notes

Levels and vault maps discovered:
D:1:      mrwooster_arrival_statue_2, layout_basic, kennysheep_crisscross
D:2:      layout_loops_cross, chequers_ecumenical_altar_simple,
          grunt_decor_clamped, eino_tiny_chamber, uniq_jessica, uniq_robin

Skill      XL: |  1 |
---------------+----+-----
Stealth        | 4 |  4.5
Short Blades   | |  1.0
Dodging        | |  2.6
Spellcasting   | |  3.4
Hexes          | |  4.4

Action                   || total
-------------------------++-------
Melee: Dagger            ||    62
 Cast: Confusing Touch   ||     1
  Use: Potion            ||     1
 Stab: Sleeping          ||     6
       Distracted        ||     1
Armor: Robe              ||    11
Dodge: Dodged            ||    26
